 Dungeon Crawl Stone Soup version 0.20.0-1-g1cb1d84 (webtiles) character file.

226 skittles the Firebug (level 5, -3/38 HPs)
             Began as a Draconian Fire Elementalist on May 26, 2017.
             Killed by nerve-wracking pain
             ... invoked by an orc priest
              (8 damage)
             ... on level 4 of the Dungeon.
             The game lasted 00:08:30 (4922 turns).

skittles the Firebug (Draconian Fire Elementalist)  Turns: 4922, Time: 00:08:31

Health: -3/38      AC:  6    Str: 10    XL:     5   Next: 69%
Magic:  1/8        EV: 12    Int: 17    God:
Gold:   68         SH:  0    Dex: 11    Spells: 0/8 levels left

rFire    + . .     SeeInvis .   r - +1 dagger (freeze)
rCold    . . .     Gourm    .   (no shield)
rNeg     . . .     Faith    .   (armour unavailable)
rPois    .         Spirit   .   (helmet restricted)
rElec    .         Reflect  .   (no cloak)
rCorr    .         Harm     .   o - +0 pair of gloves
MR       .....                  (no boots)
Stlth    ++........             s - amulet of rage
Regen    0.2/turn               q - ring of protection from fire
MPRegen  0.2/turn               (no ring)

@: no status effects
A: unfitting armour, cold-blooded, AC +5
a: Evoke Berserk Rage


You were on level 4 of the Dungeon.
You were hungry.

You visited 1 branch of the dungeon, and saw 4 of its levels.

You collected 68 gold pieces.

Inventory:

Hand Weapons
 r - a +1 dagger of freezing (weapon)
Armour
 o - a +0 pair of gloves (worn)
Jewellery
 q - a ring of protection from fire (left hand)
 s - an amulet of rage (around neck)
 y - a +3 ring of evasion {unknown}
Scrolls
 c - a scroll of remove curse {unknown}
 e - 2 scrolls of recharging {unknown}
 g - a scroll of enchant weapon {unknown}
 j - 2 scrolls of enchant armour {unknown}
 l - 3 scrolls of identify {unknown}
 m - a scroll of blinking {unknown}
 n - 4 scrolls of teleportation {unknown}
 u - a scroll of immolation {unknown}
 w - a scroll of fog {unknown}
Potions
 d - 2 potions of curing {unknown}
 h - a potion of ambrosia {unknown}
 i - 3 potions of lignification {unknown}
 k - 2 potions of agility {unknown}
 p - a potion of mutation {unknown}
 v - a potion of cancellation {unknown}
 A - a potion of invisibility {unknown}
Books
 a - a book of Flames

   Spells                             Type                      Level
   a - Flame Tongue                   Conjuration/Fire             1
   b - Throw Flame                    Conjuration/Fire             2
   c - Conjure Flame                  Conjuration/Fire             3
   d - Inner Flame                    Hexes/Fire                   3
   e - Sticky Flame                   Conjuration/Fire             4
   f - Fireball                       Conjuration/Fire             5
 x - a book of Misfortune

   Spells                             Type                      Level
   a - Confusing Touch                Hexes                        1
   b - Confuse                        Hexes                        3
   c - Gell's Gravitas                Translocation                3
   d - Petrify                        Transmutation/Earth          4
   e - Metabolic Englaciation         Hexes/Ice                    5
   f - Yara's Violent Unravelling     Hexes/Transmutation          5
Comestibles
 b - 2 bread rations
 f - 4 royal jellies
 t - 2 meat rations
 z - 2 fruits


   Skills:
 - Level 1.7 Dodging
 - Level 1.7 Stealth
 - Level 2.0 Spellcasting
 + Level 4.2 Conjurations
 + Level 4.8 Fire Magic


You couldn't memorise any spells.
You knew the following spells:

 Your Spells              Type           Power        Failure   Level  Hunger
a - Flame Tongue          Conj/Fire      ###..        3%          1    #......
b - Conjure Flame         Conj/Fire      ###.....     9%          3    ###....
c - Sticky Flame          Conj/Fire      ###.....     30%         4    #####..


Dungeon Overview and Level Annotations

Branches:
Dungeon (4/15)
 Temple: D:4-7

Altars:


Innate Abilities, Weirdness & Mutations

Your plain brown scales are hard. (AC +5)
You cannot fit into any form of body armour.
You are cold-blooded and may be slowed by cold attacks.


Message History

The orc priest is severely wounded.
The orc priest barely misses you.
Casting: Flame Tongue
Confirm with . or Enter, or press ? or * to list all spells.
Aiming: Flame Tongue
Press: ? - help, Shift-Dir - straight line, f/p - orc priest
Aim: an orc priest, wielding a mace and wearing a ring mail (severely wounded)
The flame tongue misses the orc priest.
The orc priest calls down the wrath of Beogh upon you.
Pain shoots through your body!
* * * LOW HITPOINT WARNING * * *
You hit the orc priest but do no damage.
The orc priest is severely wounded.
The orc priest hits you with a mace.
* * * LOW HITPOINT WARNING * * *
You hit the orc priest but do no damage.
The orc priest is severely wounded.
The orc priest invokes the aid of Beogh against you.
Pain shoots through your body!
You die...

##.## #.#.....#
#.# ..
#.#.###.# #.#
#...####.#.#
#.# #.#
#.......#.###.#
#.#
#.####........#
.# # #.##.#####
###.####.##.#
.......#.##.#
#.....o@.[<.#
#....###.####
#.# #.# ..#
####


You could see an orc priest.

Vanquished Creatures
  A howler monkey (D:4)
  2 hounds (D:4)
  Ijyb (D:4)
  Robin (D:1)
  2 adders
  A worm (D:2)
  2 leopard geckos (D:1)
  3 orcs (D:4)
  4 giant cockroaches
  9 goblins
  12 hobgoblins
  5 jackals
  6 kobolds
  A ball python (D:1)
  5 bats
  3 frilled lizards
  6 rats
64 creatures vanquished.

Notes
Turn   | Place    | Note
-------+----------+-------------------------------------------
     0 | D:1      | skittles the Draconian Fire Elementalist began the quest for the Orb.
     0 | D:1      | Reached XP level 1. HP: 14/14 MP: 3/3
   325 | D:1      | Reached XP level 2. HP: 2/20 MP: 0/5
  1529 | D:2      | Noticed Robin
  1538 | D:2      | Reached XP level 3. HP: 20/26 MP: 1/6
  1623 | D:1      | Killed Robin
  2752 | D:2      | Reached XP level 4. HP: 31/33 MP: 7/7
  3884 | D:4      | Noticed Ijyb
  3986 | D:4      | Killed Ijyb
  4333 | D:4      | Reached XP level 5. HP: 26/38 MP: 1/8
  4419 | D:4      | Learned a level 3 spell: Conjure Flame
  4424 | D:4      | Learned a level 4 spell: Sticky Flame
  4922 | D:4      | Killed from afar by an orc priest

Skill      XL: |  1  2  3  4  5 |
---------------+----------------+-----
Conjurations   | 2 3 4 |  4.2
Fire Magic     | 4 |  4.8
Dodging        | |  1.7
Stealth        | |  1.7
Spellcasting   | |  2.0

Action                   |  1- 3 |  4- 6 || total
-------------------------+-------+-------++-------
Melee: Whip              |    62 |       ||    62
       Unarmed           |     7 |       ||     7
       Tailslap          |    11 |     5 ||    16
       Dagger            |    41 |    70 ||   111
 Cast: Flame Tongue      |    41 |    47 ||    88
       Sticky Flame      |       |     1 ||     1
 Stab: Sleeping          |     1 |     1 ||     2
  Eat: Chunk             |     6 |     6 ||    12
       Fruit             |       |     2 ||     2
Armor: Skin              |    52 |    31 ||    83
Dodge: Dodged            |   104 |    63 ||   167
